 Dungeon Crawl Stone Soup version 0.31-a0-222-gefeffbb62a (webtiles) character file.

Game seed: 1927262722694934004

338 Shard1697 the Cudgeller (level 6, -10/55 HPs)
             Began as an Armataur Fighter on July 5, 2023.
             Was a Priest of Trog.
             Killed by nerve-wracking pain
             ... invoked by an orc priest
              (14 damage)
             ... on level 4 of the Dungeon.
             The game lasted 00:07:08 (2836 turns).

Shard1697 the Cudgeller (Armataur Fighter)          Turns: 2836, Time: 00:07:08

Health: -10/55     AC:  8    Str: 22    XL:     6   Next: 29%
Magic:  6/6        EV:  7    Int:  8    God:    Trog [***...]
Gold:   108        SH:  4    Dex: 11    Spells: 5/5 levels left

rFire   . . .        a - +1 flail
rCold   . . .        c - +0 buckler
rNeg    . . .        b - +0 scale mail
rPois   .            (no helmet)
rElec   .            (no cloak)
rCorr   .            h - +0 pair of gloves
SInv    .            (no barding)
Will    .....        g - amulet of magic regeneration Stlth
                     (no ring)
HPRegen 0.29/turn    (no ring)
MPRegen 0.50/turn

%: roll
@: attractive, hasted, very quick
A: large, rugged brown scales 3, deformed body, armoured tail, roll, long
tongue, awkward tongue
a: Renounce Religion, Berserk, Trog's Hand


You were on level 4 of the Dungeon.
You worshipped Trog.
Trog was most pleased with you.
You visited 1 branch of the dungeon, and saw 4 of its levels.
You also visited: Ossuary.

You collected 108 gold pieces.

Inventory:

Hand Weapons
 a - a +1 flail (weapon)
Armour
 b - a +0 scale mail (worn)
 c - a +0 buckler (worn)
 h - a +0 pair of gloves (worn)
Jewellery
 g - an amulet of magic regeneration (around neck)
 m - a ring of willpower
Scrolls
 n - a scroll of immolation
Potions
 d - 6 potions of might
 e - a potion of enlightenment
 f - 2 potions of magic {unknown}
 i - 2 potions of lignification {unknown}
 j - a potion of haste
 l - 2 potions of heal wounds {unknown}
 o - a potion of brilliance {unknown}
 p - 2 potions of invisibility {unknown}
 q - 2 potions of mutation {unknown}
 r - 2 potions of degeneration {unknown}


   Skills:
 + Level 3.6 Fighting
 + Level 5.6 Maces & Flails
 - Level 3.6 Armour
 - Level 3.2 Shields


You had 5 spell levels left.
You didn't know any spells.
Your spell library contained the following spells:

 Spells                   Type           Power      Damage    Failure   Level
 Ignite Poison            Fire/Tmut/Pois 0%         N/A       99%         3
 Inner Flame              Hex/Fire       0%         N/A       99%         3
 Flame Wave               Conj/Fire      0%         2d4       100%        4
 Sticky Flame             Conj/Fire      0%         2d3       100%        4
 Ignition                 Fire           0%         3d3       100%        8


Dungeon Overview and Level Annotations

Branches:
Dungeon (4/15)            Ossuary (visited)
 Temple: D:4-7

Altars:
Trog


Innate Abilities, Weirdness & Mutations

You are completely covered in rugged brown scales. (AC +3, +7% HP)
Armour fits poorly on your strangely shaped body.
You have a long armoured tail.
You roll when moving toward enemies. (Rampage)
Your long tongue fully drains potion bottles. (2x potion effects)
Your tongue gives you trouble enunciating. (1.5x scroll delay)


Message History

You closely miss the orc priest.
Your tail-slap misses the orc priest.
The orc priest is lightly wounded.
The orc priest calls down the wrath of Beogh upon you.
Beogh smites you! The orc hits you but does no damage.
You hit the orc priest.
The orc priest is heavily wounded.
You block the orc priest's attack. You block the orc's attack.
You barely miss the orc priest.
The orc priest is heavily wounded.
The orc hits you but does no damage. The orc priest hits you with a +0 club.
You barely miss the orc priest.
The orc priest is heavily wounded.
You block the orc's attack.
The orc priest looks satisfied for a moment.
It was a potion of haste.
You feel yourself speed up.
You slurp down every last drop of the potion of haste!
The orc priest hits you with a +0 club. The orc barely misses you.
It was a potion of attraction.
You feel attractive to monsters.
You slurp down every last drop of the potion of attraction!
The orc priest looks encouraged for a moment.
The orc hits you but does no damage.
You hit the orc priest but do no damage.
The orc priest is heavily wounded.
The orc priest looks satisfied for a moment.
The orc hits you but does no damage.
You hit the orc priest.
The orc priest is severely wounded.
You completely miss the orc priest.
The orc priest is severely wounded.
The orc priest mumbles some strange prayers to Beogh against you.
Beogh smites you!
* * * LOW HITPOINT WARNING * * *
The orc barely misses you.
You hit the orc priest.
Your tail-slap misses the orc priest.
The orc priest is almost dead.
The orc closely misses you.
The orc priest mumbles some strange prayers to Beogh against you.
Pain shoots through your body!
You die...

#.'...'.# #......#
#'#'#'###########.#
#.#.#...'.#######.#######
#########......##.......#
###....########.# #....#
#.# #....# #.#
#....########.#
+...o@........#
#...o##########
.................
######.....o...##
#.........# #.........#
#........... #..........g
#...........


You could see an orc priest and an orc.

Vanquished Creatures
  An elf skeleton (D:4)
  A hound (D:4)
  An orc priest (D:4)
  3 human skeletons (D:4)
  2 mummies (Ossuary)
  3 adders
  An adder zombie (Ossuary)
  A worm (D:2)
  2 dart slugs
  2 orcs (D:4)
  6 endoplasms
  A giant cockroach (D:2)
  9 goblins
  2 hobgoblins
  4 jackals (D:3)
  3 kobolds
  2 quokkas
  3 ball pythons
  11 bats
  2 goblin zombies (Ossuary)
  11 hobgoblin zombies (Ossuary)
  A jackal zombie (Ossuary)
  8 kobold zombies (Ossuary)
  2 orc skeletons (D:4)
  9 orc zombies (Ossuary)
  6 rats
  4 rat zombies (Ossuary)
101 creatures vanquished.

Notes
Turn   | Place    | Note
-------+----------+-------------------------------------------
     0 | D:1      | Shard1697 the Armataur Fighter began the quest for the Orb.
     0 | D:1      | Reached XP level 1. HP: 19/19 MP: 1/1
    16 | D:1      | Reached skill level 2 in Maces & Flails
    64 | D:1      | Reached XP level 2. HP: 26/26 MP: 2/2
   568 | D:1      | Reached skill level 3 in Maces & Flails
   818 | D:2      | Reached XP level 3. HP: 29/32 MP: 3/3
  1287 | D:2      | Found a faded altar of an unknown god.
  1419 | D:2      | Prayed at the altar of an unknown god.
  1419 | D:2      | Became a worshipper of Trog the Wrathful
  1419 | D:2      | Reached * piety under Trog
  1592 | D:3      | Reached XP level 4. HP: 37/39 MP: 4/4
  1598 | D:3      | Reached skill level 4 in Maces & Flails
  2286 | D:4      | Reached XP level 5. HP: 28/44 MP: 5/5
  2339 | D:4      | Found a sand-covered staircase.
  2341 | D:4      | Reached ** piety under Trog
  2345 | Ossuary  | Entered an ossuary
  2444 | Ossuary  | Reached skill level 5 in Maces & Flails
  2692 | Ossuary  | Reached *** piety under Trog
  2741 | D:4      | Reached XP level 6. HP: 46/54 MP: 6/6
  2836 | D:4      | Killed from afar by an orc priest

Illustrated notes

Levels and vault maps discovered:
D:1:      wander_arrival_chamber, layout_loops_cross, minmay_misc_feat_columns,
          patterned_corridor
D:2:      layout_loops_cross, shapermc_ecumenical_altar_mp_vishouse
D:3:      layout_loops_ring
D:4:      layout_basic, grunt_temple_overflow_lords_of_destruction,
          serial_shops, shop, nicolae_ossuary_entry_catacombs

Skill      XL: |  1  2  3  4  5 |
---------------+----------------+-----
Maces & Flails | 2 3 4 5 |  5.6
Fighting       | 3 |  3.6
Armour         | |  3.6
Shields        | |  3.2

Action                     |  1- 3 |  4- 6 || total
---------------------------+-------+-------++-------
  Melee: Flail             |   122 |   191 ||   313
         Tailslap          |    12 |    21 ||    33
    Use: Scroll            |       |     5 ||     5
         Potion            |       |     2 ||     2
 Armour: Scale mail        |    72 |    81 ||   153
  Dodge: Dodged            |    41 |    54 ||    95
  Block: Buckler           |    24 |    31 ||    55

Table legend: (Time is in decaauts)
 A = Elapsed time spent in this place.
 B = Non-inter-level travel time spent in this place.
 C = Inter-level travel time spent in this place.
 D = Time resting spent in this place.
 E = Time spent auto-exploring this place.
 F = Levels seen in this place.
 G = Mean time per level.
                   A        B        C        D        E       F      G
               +--------+--------+--------+--------+--------+-----+--------+
         Total |   2905 |   2800 |    105 |    120 |   1830 |   5 |  581.0 |
       Dungeon |   2525 |   2420 |    105 |     47 |   1791 |   4 |  631.2 |
       Ossuary |    379 |    379 |      0 |     73 |     39 |   1 |  379.0 |
               +--------+--------+--------+--------+--------+-----+--------+

Top non-repeatable levels by time:
     D:2: 813 daAuts
     D:1: 789 daAuts
     D:3: 568 daAuts
 Ossuary: 379 daAuts
     D:4: 354 daAuts
